 Dungeon Crawl Stone Soup version 0.29.0-11-gd7f09526c8 (webtiles) character file.

Game seed: 10882499286482923395

42 Woods the Sneak (level 3, 0/19 HPs)
             Began as a Vampire Enchanter on Sept 2, 2022.
             Slain by a kobold
             ... wielding a +0 dagger
              (2 damage)
             ... on level 2 of the Dungeon.
             The game lasted 00:04:01 (1654 turns).

Woods the Sneak (Vampire Enchanter)                 Turns: 1654, Time: 00:04:01

Health: 0/19       AC:  2    Str:  7    XL:     3   Next: 33%
Magic:  6/6        EV: 12    Int: 17    God:
Gold:   43         SH:  0    Dex: 16    Spells: 6/6 levels left

rFire   . . .      SeeInvis +   a - +1 dagger
rCold   + + .      Faith    .   (no shield)
rNeg    + + +      Spirit   .   b - +0 robe
rPois   ∞          Reflect  .   (no helmet)
rElec   .          Harm     .   (no cloak)
rCorr   .          Rampage  .   (no gloves)
Will    .....                   (no boots)
Stlth   +++++.....              (no amulet)
HPRegen 0.00/turn               (no ring)
MPRegen 0.10/turn               (no ring)

@: bloodless, inhibited regen
A: bloodless, fangs 3, see invisible, vampiric 2
a: Bat Form, Revivify


You were on level 2 of the Dungeon.
You visited 1 branch of the dungeon, and saw 2 of its levels.

You collected 43 gold pieces.

Inventory:

Hand Weapons
 a - a +1 dagger (weapon)
Armour
 b - a +0 robe (worn)
Scrolls
 e - a scroll of teleportation {unknown}
 g - 2 scrolls of identify {unknown}
Potions
 c - 2 potions of invisibility
 d - a potion of heal wounds {unknown}
 f - a potion of cancellation {unknown}


   Skills:
 + Level 2.6 Short Blades
 - Level 2.1 Dodging
 + Level 5.7 Stealth
 - Level 2.0 Spellcasting
 - Level 4.4 Hexes


You had 6 spell levels left.
You didn't know any spells.
Your spell library contained the following spells:

 Spells                   Type           Power      Damage    Failure   Level
 Confusing Touch          Hex            16%        N/A       10%         3
 Tukima's Dance           Hex            16%        N/A       10%         3
 Ensorcelled Hibernation  Hex/Ice        18%        N/A       12%         2
 Magic Dart               Conj           4%         1d3       19%         1
 Dazzling Flash           Conj/Hex       18%        N/A       24%         3
 Searing Ray              Conj           2%         2d4       28%         2
 Gell's Gravitas          Tloc           1%         N/A       50%         3
 Teleport Other           Tloc           1%         N/A       50%         3
 Fulminant Prism          Conj/Hex       4%         3d6       61%         4
 Dispersal                Tloc           0%         N/A       100%        6


Dungeon Overview and Level Annotations

Branches:
Dungeon (2/15)

Altars:
Xom


Innate Abilities, Weirdness & Mutations

You do not regenerate when monsters are visible.
You are frail without blood (-20% HP).
You can heal yourself when you bite living creatures.
You are immune to poison.
You have razor-sharp teeth.
You have supernaturally acute eyesight. (SInv)
You are afflicted with vampirism and can become a bat while bloodless.


Message History

You hit the jackal but do no damage.
The jackal is severely wounded.
You hear a shout!
The jackal barely misses you.
You barely miss the jackal. You bite the jackal, but do no damage.
The jackal is severely wounded.
The jackal completely misses you. The jackal bites you.
You barely miss the jackal.
The jackal is severely wounded.
The jackal barely misses you.
You barely miss the jackal.
The jackal is severely wounded.
The jackal bites you. The jackal barely misses you.
The jackal bites you but does no damage.
You hit the jackal.
You kill the jackal!
The jackal bites you but does no damage.
A kobold comes into view. It is wielding a +0 dagger.
You see here a jackal corpse.
The jackal attacks as you move away! The jackal barely misses you.
The jackal bites you.
You closely miss the jackal. The jackal bites you.
The kobold attacks as you move away! The kobold closely misses you.
You closely miss the jackal. The jackal barely misses you.
The jackal bites you. The jackal attacks as you move away!
The jackal bites you.
The kobold throws a stone.
The stone completely misses you. The jackal attacks as you move away!
The jackal bites you.
* * * LOW HITPOINT WARNING * * *
You miss the jackal. The jackal completely misses you.
You barely miss the jackal. The jackal barely misses you.
The kobold hits you but does no damage. The jackal closely misses you.
You hit the jackal. Your bite misses the jackal.
The jackal is moderately wounded.
The jackal bites you.
* * * LOW HITPOINT WARNING * * *
You hit the jackal.
You kill the jackal!
The kobold hits you with a +0 dagger.
You die...

#### .. #.. ...
#.# ....
#######†####....
#...............
#............###
#..@_...)....>#
##..K.........#
##............#
#...........#...
#...........#...
#...........# ..
#...........#
#.......#.#.#
#.........#.#


You could see a kobold.

Vanquished Creatures
  A ball python (D:1)
  4 endoplasms (D:1)
  6 giant cockroaches (D:1)
  4 goblins (D:1)
  A hobgoblin (D:2)
  2 jackals (D:2)
  8 kobolds
  A quokka (D:1)
  3 bats
  3 frilled lizards
  7 rats
40 creatures vanquished.

Vanquished Creatures (others)
  17 plants (D:2)
17 creatures vanquished.

Grand Total: 57 creatures vanquished

Notes
Turn   | Place    | Note
-------+----------+-------------------------------------------
     0 | D:1      | Woods the Vampire Enchanter began the quest for the Orb.
     0 | D:1      | Reached XP level 1. HP: 13/13 MP: 3/3
   249 | D:1      | Reached XP level 2. HP: 19/19 MP: 5/5
   279 | D:1      | Reached skill level 5 in Stealth
  1030 | D:1      | Gained mutation: You are afflicted with vampirism and can
                  | become a bat while bloodless. [Vampire growth]
  1030 | D:1      | Reached XP level 3. HP: 19/19 MP: 6/6
  1614 | D:2      | Found a shimmering altar of Xom.
  1654 | D:2      | Slain by a kobold

Illustrated notes

Levels and vault maps discovered:
D:1:      kennysheep_arrival_seaside, layout_loops_corners
D:2:      wad_woods_settlement, layout_basic, basic_altar,
          roderic_serpentine_path

Skill      XL: |  1  2 |
---------------+-------+-----
Stealth        | 5 |  5.7
Short Blades   | 2 |  2.6
Dodging        | |  2.1
Spellcasting   | |  2.0
Hexes          | |  4.4

Action                   || total
-------------------------++-------
Melee: Dagger            ||   109
       Bite              ||    11
       Punch             ||     1
 Abil: Exsanguinate      ||     1
 Stab: Sleeping          ||    19
       Distracted        ||     1
Armor: Robe              ||    21
Dodge: Dodged            ||    53
